 Dungeon Crawl Stone Soup version 0.19.1 (webtiles) character file.

312 sveltemanboy the Cleaver (level 6, -2/51 HPs)
             Began as a Hill Orc Monk on Dec 7, 2016.
             Succumbed to a water moccasin's poison
             ... on level 4 of the Dungeon.
             The game lasted 00:07:10 (3645 turns).

sveltemanboy the Cleaver (Hill Orc Monk)            Turns: 3645, Time: 00:07:11

Health: -2/51      AC:  7    Str: 21    XL:     6   Next: 42%
Magic:  6/6        EV: 12    Int: 10    God:
Gold:   233        SH:  0    Dex: 13    Spells: 0 memorised, 5 levels left

rFire  . . .     SeeInvis .     a - +0 hand axe
rCold  . . .     Gourm    .     k - +0 ring mail
rNeg   . . .     Faith    .     (no shield)
rPois  .         Spirit   .     (no helmet)
rElec  .         Reflect  .     (no cloak)
rCorr  .         Harm     .     v - +0 pair of gloves (curse)
MR     .....                    j - +0 pair of boots
Stlth  +.........               (no amulet)
                                (no ring)
                                o - +5 ring of strength

@: lethally poisoned (-2 -> -31), exhausted, slowed, very slow
A: no striking features
a: no special abilities


You were on level 4 of the Dungeon.
You were not hungry.

You visited 1 branch of the dungeon, and saw 4 of its levels.

You collected 233 gold pieces.

Inventory:

Hand Weapons
 a - a +0 hand axe (weapon)
Missiles
 f - 60 stones (quivered)
Armour
 j - a +0 pair of boots (worn)
 k - a +0 ring mail (worn)
 v - a cursed +0 pair of gloves (worn)
Jewellery
 o - a +5 ring of strength (left hand)
Scrolls
 b - 2 scrolls of blinking {unknown}
 e - 3 scrolls of immolation {unknown}
 g - 3 scrolls of identify {unknown}
 i - a scroll of random uselessness {unknown}
 m - 2 scrolls of fog {unknown}
 n - 2 scrolls of remove curse {unknown}
 s - a scroll of recharging {unknown}
 t - 2 scrolls of enchant weapon {unknown}
 y - a scroll of fear {unknown}
Potions
 h - a potion of berserk rage
 q - a potion of agility {unknown}
 r - 2 potions of heal wounds {unknown}
 u - a potion of might {unknown}
 w - a potion of flight {unknown}
 z - a potion of beneficial mutation {unknown}
 A - 2 potions of lignification {unknown}
Comestibles
 c - 3 bread rations
 l - 3 meat rations
 p - a chunk of flesh
 x - a slice of pizza


   Skills:
 - Level 3.6 Fighting
 * Level 8.8 Axes
 - Level 2.0 Armour
 - Level 2.4 Dodging
 - Level 1.5 Stealth


You had 5 spell levels left.
You didn't know any spells.

Dungeon Overview and Level Annotations

Branches:
Dungeon (4/15)
 Temple: D:4-7

Altars:
Dithmenos
Elyvilon
Okawaru
Yredelemnul
Zin


Message History

You feel stronger.
* * * LOW HITPOINT WARNING * * *
You feel sick.
Some of the chunks of flesh in your inventory have rotted away.
You are too berserk!
You are too berserk!
There is a lethal amount of poison in your body!
* * * LOW HITPOINT WARNING * * *
You feel sick.
You feel a strong urge to attack something.
* * * LOW HITPOINT WARNING * * *
You feel sick.
* * * LOW HITPOINT WARNING * * *
You feel sick.
You feel your anger subside.
You are no longer berserk.
You are exhausted.
You feel yourself slow down.
* * * LOW HITPOINT WARNING * * *
You feel sick.
You die...

......#####
#........#
#........#
+........#
#........#
#........#
#........#########
#................#
#>......@........#
#########........#
+........#
#........#######
#..............#
#..............#
#..............##
######+##........
#......#........


There were no monsters in sight!

Vanquished Creatures
  A water moccasin (D:4)
  7 adders
  4 gnolls (D:3)
  An ooze (D:3)
  3 worms
  A dart slug (D:2)
  3 leopard geckos
  3 orcs
  7 bats
  4 giant cockroaches
  9 goblins
  7 hobgoblins
  16 jackals
  A quokka (D:3)
  5 frilled lizards
  7 kobolds
  A rat (D:3)
80 creatures vanquished.

Vanquished Creatures (others)
  A quokka (D:3)
1 creature vanquished.

Grand Total: 81 creatures vanquished

Notes
Turn   | Place    | Note
-------+----------+-------------------------------------------
     0 | D:1      | sveltemanboy the Hill Orc Monk began the quest for the Orb.
     0 | D:1      | Reached XP level 1. HP: 19/19 MP: 1/1
   258 | D:1      | Reached XP level 2. HP: 11/26 MP: 2/2
   833 | D:1      | Reached skill level 5 in Axes
  1080 | D:1      | Reached skill level 1 in Armour
  1080 | D:1      | Reached XP level 3. HP: 28/31 MP: 3/3
  1917 | D:2      | Reached XP level 4. HP: 27/39 MP: 4/4
  2148 | D:2      | Reached skill level 6 in Axes
  2176 | D:2      | Found an iron altar of Okawaru.
  2242 | D:2      | Found a basalt altar of Yredelemnul.
  2468 | D:2      | Found a glowing silver altar of Zin.
  2515 | D:3      | Found a white marble altar of Elyvilon.
  2603 | D:3      | Found a shadowy altar of Dithmenos.
  2722 | D:3      | Reached XP level 5. HP: 42/45 MP: 5/5
  2796 | D:3      | Reached skill level 7 in Axes
  3320 | D:3      | Found a faded altar of an unknown god.
  3619 | D:4      | Noticed a water moccasin
  3640 | D:4      | Killed a water moccasin
  3640 | D:4      | Reached skill level 8 in Axes
  3640 | D:4      | Reached XP level 6. HP: 11/51 MP: 6/6
  3644 | D:4      | HP: 2/51 [poisoned by a water moccasin]
  3645 | D:4      | Succumbed to a water moccasin's poison

Skill      XL: |  1  2  3  4  5 |
---------------+----------------+-----
Axes           | 5 6 8 |  8.8
Armour         | 1 2 |  2.0
Fighting       | |  3.6
Dodging        | |  2.4
Stealth        | |  1.5

Action                   |  1- 3 |  4- 6 || total
-------------------------+-------+-------++-------
Melee: Hand axe          |   147 |   203 ||   350
Throw: Stone             |    45 |    63 ||   108
       Throwing net      |       |     1 ||     1
  Use: Potion            |       |     2 ||     2
  Eat: Chunk             |     3 |     6 ||     9
Armor: Robe              |     8 |       ||     8
       Ring mail         |    53 |    72 ||   125
Dodge: Dodged            |    93 |   127 ||   220
